 Dungeon Crawl Stone Soup version 0.30-a0-29-g142975f185 (webtiles) character file.

Game seed: 6952083657489804581

171 ragingrage the Poker (level 5, -8/39 (41) HPs)
             Began as a Demonspawn Chaos Knight on Aug 26, 2022.
             Was a Plaything of Xom.
             Mangled by an ogre
             ... wielding a +3 giant club of chaos
              (16 damage)
             ... on level 4 of the Dungeon.
             The game lasted 00:03:36 (3294 turns).

ragingrage the Poker (Demonspawn Chaos Knight)      Turns: 3294, Time: 00:03:37

HP:   -8/39 (41)    AC: 11    Str:  9 (13) XL:     5   Next: 26%
MP:   4/4           EV: 11    Int: 13      God:    Xom [...*..]
Gold: 126           SH:  0    Dex: 18      Spells: 4/4 levels left

rFire   . . .      SeeInvis .    n - +3 mace "Bacw" {venom, Dex+6}
rCold   . . .      Faith    +    (no shield)
rNeg    . . .      Spirit   .    d - +2 leather armour
rPois   .          Reflect  .    (helmet restricted)
rElec   .          Harm     .    (no cloak)
rCorr   +          Rampage  .    (no gloves)
Will    .....      Rage     3%   (no boots)
Stlth   +.........               e - amulet of faith
HPRegen 0.13/turn                k - ring of resist corrosion
MPRegen 0.09/turn                (no ring)

@: sanguine armoured, lightly drained
A: sanguine armour 1, demonic touch 2, antennae 1, fangs 1, talons 1, berserk 1,
deterioration 2, low MP 1, weak 1
a: Renounce Religion


You were on level 4 of the Dungeon.
You worshipped Xom.
You were a favourite toy of Xom.
You visited 1 branch of the dungeon, and saw 4 of its levels.

You collected 126 gold pieces.

Inventory:

Hand Weapons
 a - a +0 spear of chaos
 f - a +2 whip of venom
 n - the +3 mace "Bacw" (weapon) {venom, Dex+6}
   (You found it on level 2 of the Dungeon)

   It poisons the flesh of those it strikes.
   Dex:       It affects your dexterity (+6).
Missiles
 l - 5 poisoned darts
Armour
 d - a +2 leather armour (worn)
Jewellery
 e - an amulet of faith (around neck)
 k - a ring of resist corrosion (left hand)
Wands
 p - a wand of mindburst (8)
Scrolls
 b - 2 scrolls of identify {unknown}
 h - a scroll of fog {unknown}
 j - a scroll of teleportation {unknown}
 m - 2 scrolls of vulnerability {unknown}
 o - 4 scrolls of immolation {unknown}
 r - a scroll of noise {unknown}
 s - a scroll of acquirement {unknown}
Potions
 g - a potion of magic {unknown}
 i - 3 potions of curing {unknown}
 q - a potion of haste {unknown}
 t - a potion of cancellation {unknown}
 u - a potion of attraction {unknown}
 v - a potion of lignification {unknown}
Miscellaneous
 c - a piece from Xom's chessboard (15/15) (quivered)


   Skills:
 - Level 3.0 Fighting
 + Level 5.5 Polearms
 - Level 1.7 Armour
 - Level 0.8 Dodging


You had 4 spell levels left.
You didn't know any spells.
Your spell library was empty.

Dungeon Overview and Level Annotations

Branches:
Dungeon (4/15)
 Temple: D:4-7

Altars:
Fedhas
Makhleb
Okawaru

Shops:
D:3 (


Innate Abilities, Weirdness & Mutations

When seriously injured, your blood forms armour. (AC +6)
Your touch may inflict irresistible damage on your foes.
You have a pair of small antennae on your head.
You have very sharp teeth.
You have sharp toenails.
You sometimes lose your temper in combat.
Your body often deteriorates upon taking damage.
Your magical capacity is low. (-10% MP)
You are weak. (Str -2)


Message History

You kill the jelly!
You feel your dexterity returning.
No target in view!
No target in view!
No target in view!
No target in view!
No target in view!
No target in view!
No target in view!
No target in view!
No target in view!
No target in view!
HP restored.
Found a white marble altar of Elyvilon.
You now have 124 gold pieces (gained 8).
There is a white marble altar of Elyvilon here.
u - a white potion
v - a bubbling ruby potion No target in view!
No target in view!
No target in view!
No target in view! "You need some minor improvements, mortal!"
Your body is suffused with distortional energy.
Your feet thicken and deform.
Your hooves expand and flesh out into feet!
You feel weaker.
Your toenails lengthen and sharpen.
You now have 126 gold pieces (gained 2).
An ogre comes into view. It is wielding a +0 giant club.
An ogre is nearby!
Xom chortles.
The ogre's +0 giant club erupts in a glittering mayhem of colour.
You are now a favourite toy of Xom.
The ogre hits you with a +3 giant club of chaos!!
Ouch! That really hurt!
* * * LOW HITPOINT WARNING * * *
Your body deteriorates!
You feel weakened.
Your blood congeals into armour.
The ogre freezes you!
You die...
Xom cackles wildly!

### ## #.# #.
#.##### #. #.....#
#. #.###.#######
#. #.#.........#
#.
#.#.#.#...#.######
#@#.#.#.#.........
#O#.#.#.#..#.####.
#.#.#.#.#..#.# #.
#.#.....#..#.# #.
#...#.###..#.#. #.
###.#.#....#.#.##.
#.#.#.#.##.#.##.
#....#.#.##.
.###....#.#.##.


You could see an ogre.

Vanquished Creatures
  A jelly (D:4)
  5 adders
  A worm (D:3)
  8 dart slugs
  An orc (D:3)
  4 ball pythons
  6 endoplasms
  3 giant cockroaches
  4 goblins
  10 hobgoblins
  6 jackals (D:3)
  7 kobolds
  A quokka (D:1)
  5 bats
  6 frilled lizards
  6 rats
74 creatures vanquished.

Notes
Turn   | Place    | Note
-------+----------+-------------------------------------------
     0 | D:1      | ragingrage the Demonspawn Chaos Knight began the quest for
                  | the Orb.
     0 | D:1      | Reached XP level 1. HP: 18/18 MP: 1/1
    30 | D:1      | XOM: silly message
    40 | D:1      | Reached skill level 3 in Polearms
    53 | D:1      | Gained mutation: When seriously injured, your blood forms
                  | armour. (AC +6) [demonic ancestry]
    53 | D:1      | Reached XP level 2. HP: 18/24 MP: 2/2
   143 | D:1      | XOM: silly message
   385 | D:1      | Reached XP level 3. HP: 29/29 MP: 3/3
   443 | D:1      | XOM: potion effect (haste)
   607 | D:1      | Found a faded altar of an unknown god.
   705 | D:2      | Reached skill level 4 in Polearms
   803 | D:2      | XOM: silly message
   950 | D:2      | XOM: silly message
   997 | D:2      | Found an iron altar of Okawaru.
  1023 | D:2      | XOM: fake destruction
  1086 | D:2      | XOM: 5-stop teleportation journey
  1093 | D:2      | Gained mutation: Your touch may inflict minor irresistible
                  | damage on your foes. [demonic ancestry]
  1093 | D:2      | Reached XP level 4. HP: 29/35 MP: 4/4
  1098 | D:2      | Identified the +3 mace "Bacw" {venom, Dex+6}
  1389 | D:2      | XOM: summons 3 hostile demons
  1390 | D:2      | Noticed an orange demon
  1493 | D:2      | XOM: give mutations
  1493 | D:2      | Gained mutation: Your body sometimes deteriorates upon
                  | taking damage. [Xom's mischief]
  1493 | D:2      | Gained mutation: You sometimes lose your temper in combat.
                  | [Xom's mischief]
  1493 | D:2      | Gained mutation: Your magical capacity is low. (-10% MP)
                  | [Xom's mischief]
  1667 | D:2      | XOM: stat loss: -1 Str (14/15)
  1708 | D:2      | XOM: summons 3 hostile shadow creatures
  2144 | D:3      | XOM: 3-stop teleportation journey
  2156 | D:3      | XOM: give mutations
  2156 | D:3      | Gained mutation: You have very sharp teeth. [Xom's
                  | mischief]
  2156 | D:3      | Gained mutation: Your body often deteriorates upon taking
                  | damage. [Xom's mischief]
  2162 | D:3      | Found Atiris's Weapon Shoppe.
  2202 | D:3      | Found a burning altar of Makhleb.
  2202 | D:3      | Found a blossoming altar of Fedhas.
  2337 | D:3      | Reached skill level 5 in Polearms
  2541 | D:3      | XOM: draining
  2748 | D:3      | XOM: give mutation
  2748 | D:3      | Gained mutation: You have a pair of small antennae on your
                  | head. [Xom's grace]
  2918 | D:3      | Gained mutation: Your touch may inflict irresistible damage
                  | on your foes. [demonic ancestry]
  2918 | D:3      | Reached XP level 5. HP: 33/37 MP: 4/4
  3192 | D:4      | XOM: give mutations
  3192 | D:4      | Gained mutation: You have large cloven feet. [Xom's
                  | mischief]
  3192 | D:4      | Lost mutation: You have large cloven feet. [Xom's mischief]
  3192 | D:4      | Gained mutation: You are weak. (Str -2) [Xom's mischief]
  3192 | D:4      | Gained mutation: You have sharp toenails. [Xom's mischief]
  3291 | D:4      | Noticed an ogre
  3293 | D:4      | XOM: chaos upgrade
  3294 | D:4      | Mangled by an ogre

Illustrated notes

Levels and vault maps discovered:
D:1:      dpeg_chamrin_arrival_tetris, layout_rooms,
          dreamdust_ecumenical_altar_angels_and_demons
D:2:      layout_basic, basic_altar
D:3:      layout_loops_corners, gammafunk_temple_overflow_pools, serial_shops,
          nicolae_shop_bloodbath_and_beyond, minmay_puff
D:4:      minmay_wonky_spiral, layout_basic, old_standard_altar, serial_shops,
          nicolae_shop_advertising_works [nicolae_subvault_shop_adworks],
          corner_web_ring, minmay_vboxes

Skill      XL: |  1  2  3  4 |
---------------+-------------+-----
Polearms       | 3 4 5 |  5.5
Fighting       | |  3.0
Armour         | |  1.7
Dodging        | |  0.8

Action                   |  1- 3 |  4- 6 || total
-------------------------+-------+-------++-------
Melee: Spear             |    26 |       ||    26
       Whip              |    83 |     5 ||    88
       Punch             |     1 |     1 ||     2
       Mace              |       |    68 ||    68
       Touch             |       |     8 ||     8
       Bite              |       |     5 ||     5
 Stab: Sleeping          |       |     2 ||     2
Armor: Leather armour    |    44 |    63 ||   107
Dodge: Dodged            |    58 |    78 ||   136

Table legend: (Time is in decaauts)
 A = Elapsed time spent in this place.
 B = Non-inter-level travel time spent in this place.
 C = Inter-level travel time spent in this place.
 D = Time resting spent in this place.
 E = Time spent auto-exploring this place.
 F = Levels seen in this place.
 G = Mean time per level.
                   A        B        C        D        E       F      G
               +--------+--------+--------+--------+--------+-----+--------+
         Total |   3320 |   3243 |     77 |     27 |   2638 |   4 |  830.0 |
       Dungeon |   3320 |   3243 |     77 |     27 |   2638 |   4 |  830.0 |
               +--------+--------+--------+--------+--------+-----+--------+

Top non-repeatable levels by time:
     D:2: 1259 daAuts
     D:3: 1167 daAuts
     D:1: 644 daAuts
     D:4: 248 daAuts
